TOP OF THE 1ST |
Xavier Musketeers batting - Pitching for Alabama Crimson Tide : RHP Hubert Chilcott
|
Pitching: RHP Hubert Chilcott
|
|
Batting: RHB Weldon Samuels
|
0-0: Ball 1-0: Bunted foul 1-1: Ground out 5-3 (Groundball, 56S)
|
Batting: RHB Florentino López
|
0-0: Ball 1-0: DOUBLE (Line Drive, 9LM)
|
Batting: LHB Freddy Torres
|
0-0: Ball 1-0: Ground out 5-3 (Groundball, 56S) Florentino López to third
|
Batting: LHB Luis Martínez
|
0-0: Ball 1-0: Ball 2-0: Called Strike 2-1: Foul Ball, location: 2F 2-2: Foul Ball, location: 2F 2-2: Strikes out swinging
|
Top of the 1st over - 0 run(s), 1 hit(s), 0 error(s), 1 left on base; Xavier 0 - Alabama 0 |
BOTTOM OF THE 1ST |
Alabama Crimson Tide batting - Pitching for Xavier Musketeers : LHP Jeffery Cleveland
|
Pitching: LHP Jeffery Cleveland
|
|
Batting: RHB Jason Carr
|
0-0: SINGLE (Line Drive, 8LM)
|
Batting: LHB Steve Blankenship
|
0-0: Called Strike 0-1: Ground out 3-1 (Groundball, 34S) Jason Carr to second
|
Batting: RHB Brian Burke
|
0-0: Called Strike 0-1: Ball 1-1: Swinging Strike 1-2: Strikes out swinging
|
Batting: LHB Jorge Rivera
|
0-0: Fly out, F8 (Flyball, 8LM)
|
Bottom of the 1st over - 0 run(s), 1 hit(s), 0 error(s), 1 left on base; Xavier 0 - Alabama 0 |
TOP OF THE 2ND |
Xavier Musketeers batting - Pitching for Alabama Crimson Tide : RHP Hubert Chilcott
|
Batting: LHB Pancho Robles
|
0-0: Ball 1-0: Ball 2-0: Ground out U3 (Groundball, 3L)
|
Batting: LHB Jim Hall
|
0-0: Foul Ball, location: 2F 0-1: Fly out, F9 (Flyball, 89S)
|
Batting: RHB Clifton Powers
|
0-0: Foul Ball, location: 2F 0-1: Swinging Strike 0-2: Foul Ball, location: 2F 0-2: Ball 1-2: Strikes out swinging
|
Top of the 2nd over - 0 run(s), 0 hit(s), 0 error(s), 0 left on base; Xavier 0 - Alabama 0 |
BOTTOM OF THE 2ND |
Alabama Crimson Tide batting - Pitching for Xavier Musketeers : LHP Jeffery Cleveland
|
Batting: SHB Dave Wilson
|
0-0: Called Strike 0-1: Foul Ball, location: 2F 0-2: Ball 1-2: Strikes out swinging
|
Batting: LHB Clarence Bowen
|
0-0: Ball 1-0: Foul Ball, location: 2F 1-1: SINGLE (Groundball, 3D)
|
Batting: SHB John Fullerton
|
0-0: Ball 1-0: SINGLE (Groundball, 56D) Clarence Bowen to second
|
Batting: SHB Bobby Riggs
|
0-0: Called Strike 0-1: Ball 1-1: Foul Ball, location: 2F 1-2: Strikes out swinging
|
Batting: RHB Alfredo Bernard
|
0-0: Ball 1-0: Called Strike 1-1: Ball 2-1: SINGLE (Flyball, 8RS) Clarence Bowen to third John Fullerton to second
|
Batting: RHB Jason Carr
|
0-0: Foul Ball, location: 2F 0-1: Foul Ball, location: 2F 0-2: Ball 1-2: Fly out, F7 (Flyball, 7LSF)
|
Bottom of the 2nd over - 0 run(s), 3 hit(s), 0 error(s), 3 left on base; Xavier 0 - Alabama 0 |
TOP OF THE 3RD |
Xavier Musketeers batting - Pitching for Alabama Crimson Tide : RHP Hubert Chilcott
|
Batting: LHB Bobby Meegan
|
0-0: Swinging Strike 0-1: Ball 1-1: Ball 2-1: Ground out U3 (Groundball, 3S)
|
Batting: RHB Les Rupp
|
0-0: Foul Ball, location: 2F 0-1: Swinging Strike 0-2: Ball 1-2: Strikes out swinging
|
Batting: RHB Weldon Samuels
|
0-0: Ball 1-0: Swinging Strike 1-1: Foul Ball, location: 2F 1-2: Ball 2-2: Foul Ball, location: 2F 2-2: SINGLE (Line Drive, 7S)
|
Batting: RHB Florentino López
|
0-0: Ball 1-0: Called Strike 1-1: Ball Weldon Samuels steals 2nd base 2-1: Foul Ball, location: 2F 2-2: Foul Ball, location: 2F 2-2: Foul Ball, location: 2F 2-2: Ground out 5-3 (Groundball, 56S)
|
Top of the 3rd over - 0 run(s), 1 hit(s), 0 error(s), 1 left on base; Xavier 0 - Alabama 0 |
BOTTOM OF THE 3RD |
Alabama Crimson Tide batting - Pitching for Xavier Musketeers : LHP Jeffery Cleveland
|
Batting: LHB Steve Blankenship
|
0-0: Ball 1-0: Ball 2-0: Swinging Strike 2-1: Foul Ball, location: 2F 2-2: Foul Ball, location: 2F 2-2: SINGLE (Flyball, 56D)
|
Batting: RHB Brian Burke
|
0-0: Ball Wild Pitch! Steve Blankenship to second 1-0: Fly out, F9 (Flyball, 89S)
|
Batting: LHB Jorge Rivera
|
0-0: Ball 1-0: Called Strike 1-1: Ball 2-1: Foul Ball, location: 2F 2-2: Ball 3-2: Strikes out swinging
|
Batting: SHB Dave Wilson
|
0-0: Hit by Pitch
|
Batting: LHB Clarence Bowen
|
0-0: Ball 1-0: Ground out 1-3 (Groundball, 15S)
|
Bottom of the 3rd over - 0 run(s), 1 hit(s), 0 error(s), 2 left on base; Xavier 0 - Alabama 0 |
TOP OF THE 4TH |
Xavier Musketeers batting - Pitching for Alabama Crimson Tide : RHP Hubert Chilcott
|
Batting: LHB Freddy Torres
|
0-0: Ball 1-0: Ball 2-0: Foul Ball, location: 2F 2-1: Foul Ball, location: 2F 2-2: Foul Ball, location: 2F 2-2: Ball 3-2: Foul Ball, location: 2F 3-2: SOLO HOME RUN (Flyball, 9LD), Distance : 321 ft
|
Batting: LHB Luis Martínez
|
0-0: Fly out, F8 (Flyball, 78S)
|
Batting: LHB Pancho Robles
|
0-0: Ball 1-0: Swinging Strike 1-1: Swinging Strike 1-2: Ball 2-2: SINGLE (Line Drive, 8LS)
|
Batting: LHB Jim Hall
|
0-0: Called Strike 0-1: Fly out, F9 (Flyball, 9S)
|
Batting: RHB Clifton Powers
|
0-0: Ball 1-0: Ball 2-0: Foul Ball, location: 2F 2-1: Ball Wild Pitch! Pancho Robles to second 3-1: Called Strike 3-2: Fly out, F6 (Line Drive, 6)
|
Top of the 4th over - 1 run(s), 2 hit(s), 0 error(s), 1 left on base; Xavier 1 - Alabama 0 |
BOTTOM OF THE 4TH |
Alabama Crimson Tide batting - Pitching for Xavier Musketeers : LHP Jeffery Cleveland
|
Batting: SHB John Fullerton
|
0-0: Ball 1-0: Ball 2-0: Foul Ball, location: 2F 2-1: Ball 3-1: Foul Ball, location: 2F 3-2: Strikes out swinging
|
Batting: SHB Bobby Riggs
|
0-0: Ground out 1-3 (Groundball, 13)
|
Batting: RHB Alfredo Bernard
|
0-0: Called Strike 0-1: Swinging Strike 0-2: Ball 1-2: Ball 2-2: Ball 3-2: Foul Ball, location: 2F 3-2: Fly out, F5 (Popup, 5L)
|
Bottom of the 4th over - 0 run(s), 0 hit(s), 0 error(s), 0 left on base; Xavier 1 - Alabama 0 |
TOP OF THE 5TH |
Xavier Musketeers batting - Pitching for Alabama Crimson Tide : RHP Hubert Chilcott
|
Batting: LHB Bobby Meegan
|
0-0: Swinging Strike 0-1: Ball 1-1: Ball 2-1: Foul Ball, location: 2F 2-2: Foul Ball, location: 2F 2-2: Foul Ball, location: 2F 2-2: Foul Ball, location: 2F 2-2: Ball 3-2: Strikes out swinging
|
Batting: RHB Les Rupp
|
0-0: Ball 1-0: Ball 2-0: Ball 3-0: Called Strike 3-1: Fly out, F8 (Flyball, 8LD)
|
Batting: RHB Weldon Samuels
|
0-0: Called Strike 0-1: Ball 1-1: Hit by Pitch
|
Pitching: RHP Francisco Vargas
|
|
Batting: RHB Florentino López
|
0-0: Called Strike 0-1: Ball 1-1: Foul Ball, location: 2F 1-2: Ball 2-2: Fly out, F9 (Line Drive, 89S)
|
Top of the 5th over - 0 run(s), 0 hit(s), 0 error(s), 1 left on base; Xavier 1 - Alabama 0 |
BOTTOM OF THE 5TH |
Alabama Crimson Tide batting - Pitching for Xavier Musketeers : LHP Jeffery Cleveland
|
Batting: RHB Jason Carr
|
0-0: Called Strike 0-1: Ball 1-1: Ball 2-1: Ball 3-1: Ground out 6-3 (Groundball, 6)
|
Batting: LHB Steve Blankenship
|
0-0: Ball 1-0: Ball 2-0: Ball 3-0: Called Strike 3-1: Base on Balls
|
Batting: RHB Brian Burke
|
0-0: Called Strike 0-1: Called Strike 0-2: Foul Ball, location: 2F 0-2: Ball 1-2: Foul Ball, location: 2F 1-2: Strikes out swinging
|
Batting: LHB Jorge Rivera
|
0-0: Swinging Strike 0-1: Ball 1-1: Swinging Strike 1-2: Fly out, F7 (Flyball, 7)
|
Bottom of the 5th over - 0 run(s), 0 hit(s), 0 error(s), 1 left on base; Xavier 1 - Alabama 0 |
TOP OF THE 6TH |
Xavier Musketeers batting - Pitching for Alabama Crimson Tide : RHP Francisco Vargas
|
Batting: LHB Freddy Torres
|
0-0: Called Strike 0-1: Ball 1-1: Called Strike 1-2: Foul Ball, location: 2F 1-2: Ball 2-2: Ground out U3 (Groundball, 3L)
|
Batting: LHB Luis Martínez
|
0-0: Ball 1-0: Ball 2-0: Called Strike 2-1: Ball 3-1: Swinging Strike 3-2: Base on Balls
|
Batting: LHB Pancho Robles
|
0-0: Ball Luis Martínez steals 2nd base 1-0: Intentional Walk
|
Batting: LHB Jim Hall
|
0-0: Called Strike 0-1: Called Strike 0-2: Ball 1-2: Foul Ball, location: 2F 1-2: Strikes out swinging
|
Batting: RHB Clifton Powers
|
0-0: Fly out, F7 (Flyball, 78M)
|
Top of the 6th over - 0 run(s), 0 hit(s), 0 error(s), 2 left on base; Xavier 1 - Alabama 0 |
BOTTOM OF THE 6TH |
Alabama Crimson Tide batting - Pitching for Xavier Musketeers : LHP Jeffery Cleveland
|
Pitching: RHP Austin Shepardson
|
|
Batting: SHB Dave Wilson
|
0-0: Foul Ball, location: 2F 0-1: Ball 1-1: Ball 2-1: SINGLE (Line Drive, 56)
|
Batting: LHB Clarence Bowen
|
0-0: Ball 1-0: Ball 2-0: Called Strike 2-1: Ball 3-1: SINGLE (Groundball, 6D) Dave Wilson to second
|
Batting: SHB John Fullerton
|
0-0: Called Strike 0-1: Ball 1-1: Grounds into double play, 3-6-3 (Groundball, 34) Dave Wilson to third
|
Batting: SHB Bobby Riggs
|
0-0: Ball 1-0: Ball 2-0: Called Strike 2-1: Ball 3-1: Base on Balls
|
Batting: RHB Alfredo Bernard
|
0-0: Ball 1-0: Called Strike 1-1: Ball 2-1: Ball 3-1: Foul Ball, location: 2F 3-2: Strikes out swinging
|
Bottom of the 6th over - 0 run(s), 2 hit(s), 0 error(s), 2 left on base; Xavier 1 - Alabama 0 |
TOP OF THE 7TH |
Xavier Musketeers batting - Pitching for Alabama Crimson Tide : RHP Francisco Vargas
|
Batting: LHB Bobby Meegan
|
0-0: Fly out, F6 (Popup, 5D)
|
Batting: RHB Les Rupp
|
0-0: Ball 1-0: Ground out 5-3 (Groundball, 5)
|
Batting: RHB Weldon Samuels
|
0-0: Ball 1-0: Foul Ball, location: 2F 1-1: Ball 2-1: Ball 3-1: Base on Balls
|
Batting: RHB Florentino López
|
0-0: Ball 1-0: Ball 2-0: Fly out, F9 (Line Drive, 89S)
|
Top of the 7th over - 0 run(s), 0 hit(s), 0 error(s), 1 left on base; Xavier 1 - Alabama 0 |
BOTTOM OF THE 7TH |
Alabama Crimson Tide batting - Pitching for Xavier Musketeers : RHP Austin Shepardson
|
Batting: RHB Jason Carr
|
0-0: Called Strike 0-1: Swinging Strike 0-2: Ball 1-2: Ball 2-2: Foul Ball, location: 2F 2-2: Fly out, F2 (Popup, 3S)
|
Batting: LHB Steve Blankenship
|
0-0: Foul Ball, location: 2F 0-1: Swinging Strike 0-2: Strikes out looking
|
Batting: RHB Brian Burke
|
0-0: Ball 1-0: Foul Ball, location: 2F 1-1: Ground out 5-3 (Groundball, 56)
|
Bottom of the 7th over - 0 run(s), 0 hit(s), 0 error(s), 0 left on base; Xavier 1 - Alabama 0 |
TOP OF THE 8TH |
Xavier Musketeers batting - Pitching for Alabama Crimson Tide : RHP Francisco Vargas
|
Batting: LHB Freddy Torres
|
0-0: Ball 1-0: Called Strike 1-1: Ball 2-1: Called Strike 2-2: Ball 3-2: Foul Ball, location: 2F 3-2: Fly out, F8 (Flyball, 8LS)
|
Batting: LHB Luis Martínez
|
0-0: SOLO HOME RUN (Flyball, 89XD), Distance : 364 ft
|
Pitching: LHP Tim Bowles
|
|
Batting: LHB Pancho Robles
|
0-0: Ball 1-0: Foul Ball, location: 2F 1-1: Called Strike 1-2: Ball 2-2: Strikes out swinging, 2-3 out at first.
|
Batting: LHB Jim Hall
|
0-0: Ball 1-0: Foul Ball, location: 2F 1-1: Swinging Strike 1-2: Strikes out looking
|
Top of the 8th over - 1 run(s), 1 hit(s), 0 error(s), 0 left on base; Xavier 2 - Alabama 0 |
BOTTOM OF THE 8TH |
Alabama Crimson Tide batting - Pitching for Xavier Musketeers : RHP Austin Shepardson
|
Batting: LHB Jorge Rivera
|
0-0: Ball 1-0: Foul Ball, location: 2F 1-1: Ball 2-1: Ball 3-1: Base on Balls
|
Batting: SHB Dave Wilson
|
0-0: Ball 1-0: Ball 2-0: Ball 3-0: Base on Balls Jorge Rivera to second
|
Pitching: LHP Doug Davis
|
|
Batting: LHB Clarence Bowen
|
0-0: Ball 1-0: Bunted foul 1-1: Bunted foul 1-2: Grounds into double play, 4-6-3 (Groundball, 4) Jorge Rivera to third
|
Batting: SHB John Fullerton
|
0-0: Ball 1-0: Ball 2-0: Ball 3-0: Called Strike 3-1: Called Strike 3-2: Strikes out swinging
|
Bottom of the 8th over - 0 run(s), 0 hit(s), 0 error(s), 1 left on base; Xavier 2 - Alabama 0 |
TOP OF THE 9TH |
Xavier Musketeers batting - Pitching for Alabama Crimson Tide : LHP Tim Bowles
|
Batting: RHB Clifton Powers
|
0-0: Called Strike 0-1: Foul Ball, location: 2F 0-2: Strikes out swinging
|
Batting: LHB Bobby Meegan
|
0-0: Ball 1-0: Fly out, F1 (Line Drive, 15S)
|
Batting: RHB Les Rupp
|
0-0: Called Strike 0-1: Foul Ball, location: 2F 0-2: Ball 1-2: Foul Ball, location: 2F 1-2: Strikes out swinging
|
Top of the 9th over - 0 run(s), 0 hit(s), 0 error(s), 0 left on base; Xavier 2 - Alabama 0 |
BOTTOM OF THE 9TH |
Alabama Crimson Tide batting - Pitching for Xavier Musketeers : LHP Doug Davis
|
Pitching: RHP Lester Johnson
|
|
Batting: SHB Bobby Riggs
|
0-0: Called Strike 0-1: Ground out 6-3 (Groundball, 6)
|
Batting: RHB Alfredo Bernard
|
0-0: Ball 1-0: Foul Ball, location: 2F 1-1: Swinging Strike 1-2: Strikes out swinging
|
Batting: RHB Jason Carr
|
0-0: Foul Ball, location: 2F 0-1: Called Strike 0-2: Foul Ball, location: 2F 0-2: Fly out, F8 (Flyball, 89D)
|
Bottom of the 9th over - 0 run(s), 0 hit(s), 0 error(s), 0 left on base; Xavier 2 - Alabama 0 |
|